 Dungeon Crawl Stone Soup version 0.21.0-24-g2553a33 (webtiles) character file.

562 sankara the Chiller (level 7, -1/57 HPs)
             Began as a Yellow Draconian Ice Elementalist on Jan 20, 2018.
             Slain by Edmund
             ... wielding a +7 flail of crushing
              (8 damage)
             ... on level 4 of the Dungeon.
             The game lasted 00:23:38 (4347 turns).

sankara the Chiller (DrIE)                          Turns: 4347, Time: 00:23:38

Health: -1/57      AC: 13    Str:  9 (11) XL:     7   Next: 10%
Magic:  7/12       EV: 11    Int: 19 (20) God:
Gold:   226        SH:  0    Dex:  9 (11) Spells: 5/13 levels left

rFire    . . .     SeeInvis .   g - +2 short sword (vamp)
rCold    . . .     Gourm    .   (no shield)
rNeg     . . .     Faith    .   (armour unavailable)
rPois    .         Spirit   .   e - +2 hat {MR+}
rElec    .         Reflect  .   (no cloak)
rCorr    +         Harm     .   (no gloves)
MR       +....                  (no boots)
Stlth    +.........             (no amulet)
HPRegen  0.19/turn              k - +3 ring of intelligence
MPRegen  0.13/turn              (no ring)

@: icy armour, extremely drained, slow
A: spit acid, acid resistance, unfitting armour, cold-blooded, AC +6
a: Breathe Acid


You were on level 4 of the Dungeon.
You were not hungry.

You visited 1 branch of the dungeon, and saw 4 of its levels.

You collected 226 gold pieces.

Inventory:

Hand Weapons
 g - a +2 vampiric short sword (weapon)
Armour
 e - a +2 hat of magic resistance (worn)
Jewellery
 k - a +3 ring of intelligence (left hand)
Wands
 p - a wand of iceblast (5)
 s - a wand of disintegration (19)
Scrolls
 c - a scroll of enchant armour
 d - a scroll of noise {unknown}
 h - a scroll of immolation {unknown}
 i - 4 scrolls of identify
 j - 2 scrolls of fog {unknown}
 l - a scroll of teleportation {unknown}
 n - a scroll of fear
 q - 2 scrolls of remove curse {unknown}
 v - a scroll of amnesia
Potions
 o - 2 potions of mutation
 r - a potion of resistance
Books
 a - a book of Frost

   Spells                             Type                      Level
   a - Freeze                         Ice                          1
   b - Throw Frost                    Conjuration/Ice              2
   c - Ozocubu's Armour               Charms/Ice                   3
   d - Throw Icicle                   Conjuration/Ice              4
   e - Summon Ice Beast               Ice/Summoning                4
 t - a book of Geomancy

   Spells                             Type                      Level
   a - Sandblast                      Earth                        1
   b - Passwall                       Transmutation/Earth          2
   c - Stone Arrow                    Conjuration/Earth            3
   d - Petrify                        Transmutation/Earth          4
   e - Lee's Rapid Deconstruction     Earth                        5
Comestibles
 b - 7 rations
 u - 3 chunks of flesh


   Skills:
 + Level 3.3(0.0) Fighting
 + Level 2.8(0.0) Short Blades
 + Level 3.4(0.0) Dodging
 - Level 1.7(0.0) Stealth
 + Level 3.5(0.0) Spellcasting
 - Level 1.0(0.0) Conjurations
 + Level 4.7(0.0) Ice Magic


You had 5 spell levels left.
You knew the following spells:

 Your Spells              Type           Power        Failure   Level  Hunger
a - Freeze                Ice            #...         21%         1    ##.....
b - Ozocubu's Armour      Chrm/Ice       #.......     52%         3    ####...
c - Throw Icicle          Conj/Ice       #.......     90%         4    #####..


Dungeon Overview and Level Annotations

Branches:
Dungeon (4/15)
 Temple: D:4-7

Altars:
Elyvilon

Annotations:
D:4 Edmund; Gorglomux's ghost, amateur MiAE


Innate Abilities, Weirdness & Mutations

You can spit globs of acid.
You are resistant to acid.
Your golden yellow scales are hard. (AC +6)
You cannot fit into any form of body armour.
You are cold-blooded and may be slowed by cold attacks.


Message History

You hit Edmund.
You feel better.
Edmund is severely wounded.
Edmund hits you with a flail of crushing!
* * * LOW HITPOINT WARNING * * *
x2 You hit Edmund but do no damage.
You tail-slap Edmund.
Edmund is severely wounded.
Edmund barely misses you.
You closely miss Edmund.
Edmund is severely wounded.
Edmund hits you with a flail of crushing.
* * * LOW HITPOINT WARNING * * *
x2 It was a potion of degeneration.
There was something very wrong with that liquid.
You feel weakened.
You feel dopey.
You feel clumsy.
Edmund hits you with a flail of crushing.
* * * LOW HITPOINT WARNING * * *
x2 You hit Edmund.
You feel better.
Your tail-slap misses Edmund.
Edmund is almost dead.
Edmund hits you with a flail of crushing!
You die...

..#..####.########.#
.................#.#
...#.####.######.#.#
..........#. #.#.#
............ #.#.#
............ #.#.
..........#.. #.#
..........#..# #.#
....<........# #@#
.....W#...#. #@#
......# ... #.#
.####.# . #.# .# .#
#.# .' .# #.# .## ##
#.# .. ..# ###


You could see Edmund.

Vanquished Creatures
  Grinder (D:3)
  An ogre (D:4)
  2 orc wizards
  An orc priest (D:4)
  An iguana (D:4)
  2 worker ants (D:4)
  3 adders
  An ooze (D:1)
  5 worms
  A dart slug (D:1)
  2 leopard geckos
  5 orcs
  A ball python (D:4)
  5 giant cockroaches
  14 goblins
  3 hobgoblins (D:3)
  3 jackals (D:2)
  4 quokkas
  4 bats
  7 frilled lizards
  9 kobolds
  7 rats
82 creatures vanquished.

Notes
Turn   | Place    | Note
-------+----------+-------------------------------------------
     0 | D:1      | sankara the Draconian Ice Elementalist began the quest for the Orb.
     0 | D:1      | Reached XP level 1. HP: 14/14 MP: 3/3
    91 | D:1      | Reached XP level 2. HP: 22/22 MP: 1/5
   539 | D:1      | Reached skill level 1 in Fighting
   720 | D:1      | Reached XP level 3. HP: 28/28 MP: 6/6
   725 | D:1      | Learned a level 3 spell: Ozocubu's Armour
  1383 | D:2      | Reached skill level 1 in Short Blades
  1383 | D:2      | Reached XP level 4. HP: 31/35 MP: 7/7
  1814 | D:3      | Learned a level 4 spell: Throw Icicle
  2164 | D:3      | Found a faded altar of an unknown god.
  2240 | D:3      | Reached XP level 5. HP: 40/41 MP: 7/9
  2279 | D:3      | Noticed Grinder
  2782 | D:3      | HP: 2/41 [Grinder (2)]
  2785 | D:3      | Killed Grinder
  2785 | D:3      | Reached skill level 4 in Ice Magic
  2785 | D:3      | Reached XP level 6. HP: 3/50 MP: 2/10
  3565 | D:4      | Your scales start taking on a golden yellow colour.
  3565 | D:4      | Reached XP level 7. HP: 49/57 MP: 12/12
  3680 | D:4      | Found a white marble altar of Elyvilon.
  3810 | D:4      | Noticed Gorglomux's ghost (amateur MiAE)
  4306 | D:4      | Noticed Edmund
  4347 | D:4      | Slain by Edmund

Skill      XL: |  1  2  3  4  5  6 |
---------------+-------------------+-----
Dodging        | 2 3 |  3.4
Fighting       | 1 2 3 |  3.3
Short Blades   | 1 2 |  2.8
Spellcasting   | 3 |  3.5
Ice Magic      | 4 |  4.7
Stealth        | |  1.7
Conjurations   | |  1.0

Action                   |  1- 3 |  4- 6 |  7- 9 || total
-------------------------+-------+-------+-------++-------
Melee: Unarmed           |    15 |       |       ||    15
       Tailslap          |     9 |    16 |    12 ||    37
       Short sword       |   104 |   141 |    88 ||   333
 Cast: Freeze            |    13 |    29 |     5 ||    47
       Ozocubu's Armour  |       |     3 |     2 ||     5
       Throw Icicle      |       |       |     2 ||     2
  Use: Scroll            |       |     5 |       ||     5
       Potion            |       |     3 |     2 ||     5
 Stab: Sleeping          |     2 |     3 |     1 ||     6
  Eat: Chunk             |     3 |     7 |       ||    10
       Ration            |     1 |       |     1 ||     2
Armor: Skin              |    36 |    40 |    38 ||   114
Dodge: Dodged            |    63 |    70 |    43 ||   176
